[Event "The Schackveckan 2023: Chessweek Elo-tournaments Group 2"]
[Site "Göteborgs schackcentrum, Vegagatan 20, Gothenburg, Sweden"]
[Date "2023.08.05"]
[Round "1.1"]
[White "Yang, Mandi"]
[Black "Lindholm, Marcus"]
[Result "1/2-1/2"]
[TimeControl "90 minutes for 40 moves + 30 minutes for the rest of the game + 30 seconds per move from move one."]
[WhiteFideId "1774778"]
[BlackFideId "1743473"]
[WhiteElo "1457"]
[BlackElo "1708"]

1. e4 c5 2. Nf3 Nc6 3. Bb5 Nf6 4. Nc3 g6 5. O-O Bg7 6. Bxc6 dxc6 7. h3 Qc7 8. d3 e5 9. Be3 b6 10.
Qd2 O-O 11. a4 a5 12. Bh6 Ne8 13. Bxg7 Nxg7 14. Rae1 Ne6 15. Ne2 f6 16. Nh2 Ba6 17. f4 c4 18. f5 cxd3 19. cxd3 Nc5 20.
fxg6 hxg6 21. Ng4 Qg7 22. Rf3 Rad8 23. Nc1 Nxa4 24. Ref1 Rd6 25. Qf2 f5 26. exf5 Rxf5 27. Rxf5 gxf5 28.
Qxf5 Nxb2 29. Qh5 Rg6 30. Qh4 a4 31. Qd8+ Kh7 32. Qh4+ Kg8 33. Qd8+ Kh7 1/2-1/2

[Event "The Schackveckan 2023: Chessweek Elo-tournaments Group 2"]
[Site "Göteborgs schackcentrum, Vegagatan 20, Gothenburg, Sweden"]
[Date "2023.08.05"]
[Round "1.2"]
[White "Block, Benjamin"]
[Black "Madevan Vaishnavi, Yaashvan"]
[Result "1-0"]
[TimeControl "90 minutes for 40 moves + 30 minutes for the rest of the game + 30 seconds per move from move one."]
[WhiteFideId "1765493"]
[BlackFideId "1772180"]
[WhiteElo "1679"]
[BlackElo "1425"]

1. e4 d6 2. d4 Nf6 3. Nc3 g6 4. f3 Bg7 5. Be3 c6 6. a4 Qc7 7. Qd2 e5 8. Bc4 Nbd7 9. Nge2 Nb6 10.
Bb3 d5 11. a5 Nc4 12. Bxc4 dxc4 13. dxe5 Qxe5 14. Qd4 Qxd4 15. Bxd4 Nh5 16. Bc5 Bf8 17. Bxf8 Rxf8 18. O-O Be6 19.
Na4 Ke7 20. Rfd1 Rfd8 21. Nd4 Nf4 22. Kf2 Rd6 23. Ne2 Nxe2 24. Kxe2 Rad8 25. Nc3 b5 26. axb6 axb6 27. Rxd6 Rxd6 28.
Rd1 b5 29. Rxd6 Kxd6 30. Nd1 f5 31. Ke3 fxe4 32. fxe4 Ke5 33. c3 Bg4 34. Nf2 h5 35. Nxg4+ hxg4 36. h3 gxh3 37. gxh3 g5 38.
Kf3 c5 39. Kg4 Kxe4 40. Kxg5 Kd3 41. h4 Kc2 42. h5 Kxb2 43. h6 Kxc3 44. h7 Kb3 45. h8=Q c3 46. Kf4 b4 47. Ke3 Ka2 48.
Kd3 c4+ 49. Kc2 b3 50. Kxc3 b2 51. Qh2 1-0

[Event "The Schackveckan 2023: Chessweek Elo-tournaments Group 2"]
[Site "Göteborgs schackcentrum, Vegagatan 20, Gothenburg, Sweden"]
[Date "2023.08.05"]
[Round "1.3"]
[White "Andreasson, Emanuel"]
[Black "Gallardo, Guillermo"]
[Result "1-0"]
[TimeControl "90 minutes for 40 moves + 30 minutes for the rest of the game + 30 seconds per move from move one."]
[WhiteFideId "1759620"]
[BlackFideId "1773488"]
[WhiteElo "1367"]
[BlackElo "1644"]

1. e4 c5 2. d4 cxd4 3. c4 dxc3 4. Nxc3 g6 5. Nf3 Bg7 6.
Bc4 e6 7. Nb5 Nc6 8. Qd6 Nge7 9. Nc7+ Kf8 10. Nxa8 Qa5+ 11. Bd2 Qh5 12. h3 Ne5 13. Be2 Nxf3+ 14. Bxf3 Qb5 15. Rc1 Be5 16.
Bh6+ 1-0

[Event "The Schackveckan 2023: Chessweek Elo-tournaments Group 2"]
[Site "Göteborgs schackcentrum, Vegagatan 20, Gothenburg, Sweden"]
[Date "2023.08.05"]
[Round "1.4"]
[White "Green, David"]
[Black "Dahlin, Emil"]
[Result "1-0"]
[TimeControl "90 minutes for 40 moves + 30 minutes for the rest of the game + 30 seconds per move from move one."]
[WhiteFideId "1769332"]
[BlackFideId "1771035"]
[WhiteElo "1634"]
[BlackElo "1284"]

1. e4 e5 2. Nc3 Nf6 3. f4 d5 4. fxe5 Nxe4 5. Qf3 Nxc3 6. bxc3 c5 7. Bb5+ Nc6 8. Ne2 Be6 9. d4 c4 10.
O-O Be7 11. Qg3 Bf8 12. Nf4 Bf5 13. Nxd5 Bxc2 14. Bxc4 b5 15. Qf4 Bg6 16. Bb3 Na5 17. e6 fxe6 18. Nc7+ Ke7 19. Ba3+ Kd7 20.
Bxe6+ Kc6 21. Bd5+ Kd7 22. Qg4+ 1-0

[Event "The Schackveckan 2023: Chessweek Elo-tournaments Group 2"]
[Site "Göteborgs schackcentrum, Vegagatan 20, Gothenburg, Sweden"]
[Date "2023.08.06"]
[Round "2.1"]
[White "Andreasson, Emanuel"]
[Black "Block, Benjamin"]
[Result "0-1"]
[TimeControl "90 minutes for 40 moves + 30 minutes for the rest of the game + 30 seconds per move from move one."]
[WhiteFideId "1759620"]
[BlackFideId "1765493"]
[WhiteElo "1367"]
[BlackElo "1679"]

1. e4 e5 2. Nc3 Nf6 3. f4 d5 4. fxe5 Nxe4 5. Nf3 Bc5 6. d4 Bb4 7. Bd2 c5 8. Bb5+ Nc6 9. O-O Bg4 10.
Qe1 Bxf3 11. Rxf3 O-O 12. Bxc6 bxc6 13. Nxe4 dxe4 14. Rg3 Qxd4+ 15. Be3 Bxe1 16. Bxd4 Bxg3 17. Bxc5 Bxe5 18. Bxf8 Kxf8 0-1

[Event "The Schackveckan 2023: Chessweek Elo-tournaments Group 2"]
[Site "Göteborgs schackcentrum, Vegagatan 20, Gothenburg, Sweden"]
[Date "2023.08.06"]
[Round "2.4"]
[White "Gallardo, Guillermo"]
[Black "Madevan Vaishnavi, Yaashvan"]
[Result "1/2-1/2"]
[TimeControl "90 minutes for 40 moves + 30 minutes for the rest of the game + 30 seconds per move from move one."]
[WhiteFideId "1773488"]
[BlackFideId "1772180"]
[WhiteElo "1644"]
[BlackElo "1425"]

1. c4 e5 2. Nc3 Nf6 3. e4 c6 4. Nf3 Bb4 5. d3 d6 6. Be2 h6 7. h3 Be6 8. Qc2 Nbd7 9. a3 Ba5 10.
b4 Bc7 11. O-O O-O 12. Be3 d5 13. cxd5 cxd5 14. d4 dxe4 15. Nxe4 Rc8 16. Nc5 Bd6 17. Qb2 Bxc5 18. dxc5 Re8 19.
Rfd1 Bd5 20. Rac1 Qe7 21. Nd2 b6 22. Bb5 bxc5 23. Bxc5 Nxc5 24. Rxc5 Rxc5 25. bxc5 Rb8 26. Rc1 Bc6 27.
a4 a6 28. Nc4 axb5 29. Nd6 Ne8 30. axb5 Nxd6 31. cxd6 Qxd6 32. bxc6 Rxb2 33. c7 Qd7 34. c8=Q+ Qxc8 35. Rxc8+ Kh7 36. g3 g5 37. Rc5 f6 38.
Kg2 h5 39. Rc6 Kg6 40. g4 h4 41. Ra6 Rb7 42. Re6 Kf7 43. Ra6 Re7 44. Rb6 e4 45. Rb3 Re6 46. Rb7+ Kg6 47. Rb3 f5 48. gxf5+ Kxf5 49. Rb5+ Re5 50.
Rb8 Kf4 51. Rf8+ Rf5 52. Re8 g4 53. hxg4 Kxg4 54. Rxe4+ Rf4 1/2-1/2

[Event "The Schackveckan 2023: Chessweek Elo-tournaments Group 2"]
[Site "Göteborgs schackcentrum, Vegagatan 20, Gothenburg, Sweden"]
[Date "2023.08.06"]
[Round "2.5"]
[White "Brattgjerd, August Minh"]
[Black "Yang, Mandi"]
[Result "0-1"]
[TimeControl "90 minutes for 40 moves + 30 minutes for the rest of the game + 30 seconds per move from move one."]
[WhiteFideId "1550446"]
[BlackFideId "1774778"]
[WhiteElo "1495"]
[BlackElo "1457"]

1. d4 d5 2. Bf4 Nf6 3. e3 c5 4. c3 Nc6 5. Nf3 Qb6 6. Qb3 c4 7. Qc2 Bf5 8. Qc1 h6 9. h3 e6 10.
Be2 Ne4 11. Nbd2 Bd6 12. Ne5 Bxe5 13. Bxe5 Nxe5 14. dxe5 Nc5 15. O-O Bd3 16. Bxd3 Nxd3 17. Qc2 Nxe5 18. b3 cxb3 19. Qxb3 Qc6 20.
Rab1 b6 21. f4 Nd3 22. Nf3 O-O 23. Qc2 Qc4 24. Nd2 Qa6 25. c4 dxc4 26. Qxc4 Qxc4 27. Nxc4 Rfd8 28. Rfd1 Rac8 29. Rb3 Rxc4 30. Rbxd3 Rxd3 31. Rxd3 Kf8 32. Rd7 Ra4 33. Rd2 Ra3 34.
Kf2 Ke7 35. Ke2 Ra5 36. Ke1 Rd5 37. Rc2 Kd7 38. Ke2 a5 39.
Rc4 b5 40. Rc2 b4 41. Ke1 Rd3 42. Ke2 Rc3 43. Rxc3 bxc3 44. Kd3 c2 45. Kxc2 Kc6 46. Kd3 Kb5 47. Kc3 f5 48. h4 h5 49. g3 a4 50. a3 Kc5 51.
Kd3 Kd5 52. Kc3 Kc5 53. Kd3 e5 54. fxe5 Kd5 55. e6 Kxe6 56. Kd4 Kd6 57. e4 fxe4 58. Kxe4 Ke6 59. Kf4 Kd5 60. Kg5 Kc4 61.
Kxh5 Kb3 62. Kg6 Kxa3 63. Kxg7 Kb4 64. h5 a3 65. h6 a2 66. h7 a1=Q+ 67. Kg8 Qa8+ 68. Kg7 Qb7+ 69. Kg8 Qc8+ 70. Kg7 Qd7+ 71. Kg8 Qe6+ 72.
Kg7 Qg4+ 73. Kh8 Qf5 74. Kg8 Qg6+ 75. Kh8 Qf7 76. g4 Kc5 77. g5 Kd6 78. g6 Qf8# 0-1

[Event "The Schackveckan 2023: Chessweek Elo-tournaments Group 2"]
[Site "Göteborgs schackcentrum, Vegagatan 20, Gothenburg, Sweden"]
[Date "2023.08.06"]
[Round "2.6"]
[White "Dahlin, Emil"]
[Black "Pintaric, Felix"]
[Result "0-1"]
[TimeControl "90 minutes for 40 moves + 30 minutes for the rest of the game + 30 seconds per move from move one."]
[WhiteFideId "1771035"]
[BlackFideId "1776096"]
[WhiteElo "1284"]
[BlackElo "1483"]

1. e4 c5 2. Nf3 d6 3. d4 cxd4 4. Nxd4 Nf6 5. Nc3 a6 6. f3 e5 7. Nb3 Be7 8. Be3 O-O 9. Qd2 h5 10.
O-O-O Be6 11. h3 Qc7 12. g4 b5 13. Kb1 Rd8 14. Nd5 Bxd5 15. exd5 h4 16. Qf2 Nbd7 17. g5 Nh7 18. Qxh4 Rdb8 19.
Bd3 g6 20. Qh6 Bf8 21. Qh4 a5 22. c3 a4 23. Nd2 a3 24. Nb3 Nc5 25. Nxc5 dxc5 26. b4 cxb4 27. c4 bxc4 28. Bxc4 b3 29.
axb3 Rxb3+ 30. Kc2 Rxe3 31. Kd2 Rxf3 32. Rdf1 Rxf1 33. Rxf1 a2 34. Ra1 Nxg5 35. Qg4 Bb4+ 36. Kd3 e4+ 37.
Ke3 Ra3+ 38. Ke2 Qh2+ 39. Kf1 Rf3+ 40. Qxf3 exf3 41. Rxa2 Qh1+ 42. Kf2 Qe1# 0-1

[Event "The Schackveckan 2023: Chessweek Elo-tournaments Group 2"]
[Site "Göteborgs schackcentrum, Vegagatan 20, Gothenburg, Sweden"]
[Date "2023.08.07"]
[Round "3.1"]
[White "Block, Benjamin"]
[Black "Green, David"]
[Result "1-0"]
[TimeControl "90 minutes for 40 moves + 30 minutes for the rest of the game + 30 seconds per move from move one."]
[WhiteFideId "1765493"]
[BlackFideId "1769332"]
[WhiteElo "1679"]
[BlackElo "1634"]

1. e4 c5 2. Nf3 e6 3. d4 cxd4 4. Nxd4 Nf6 5. Nc3 Nc6 6. Ndb5 d6 7. Bf4 e5 8. Bg5 a6 9. Na3 b5 10.
Nd5 Be7 11. Bxf6 Bxf6 12. c3 O-O 13. Nc2 Bb7 14. g3 Ne7 15. Nxf6+ gxf6 16. Bg2 f5 17. Qd3 fxe4 18. Bxe4 Bxe4 19.
Qxe4 f5 20. Qe2 Nc6 21. O-O-O Qf6 22. Qd2 Rfd8 23. Qd5+ Qf7 24. Qxc6 d5 25. Kb1 Rac8 26. Qh6 a5 27. Ne3 Kh8 28.
Qg5 1-0

[Event "The Schackveckan 2023: Chessweek Elo-tournaments Group 2"]
[Site "Göteborgs schackcentrum, Vegagatan 20, Gothenburg, Sweden"]
[Date "2023.08.07"]
[Round "3.2"]
[White "Pintaric, Felix"]
[Black "Lindholm, Marcus"]
[Result "0-1"]
[TimeControl "90 minutes for 40 moves + 30 minutes for the rest of the game + 30 seconds per move from move one."]
[WhiteFideId "1776096"]
[BlackFideId "1743473"]
[WhiteElo "1483"]
[BlackElo "1708"]

1. e4 c5 2. c3 e6 3. d4 d5 4. exd5 exd5 5. Bb5+ Nc6 6. Nf3 Bd6 7. dxc5 Bxc5 8. O-O Nf6 9. Bg5 Be6 10.
Nbd2 O-O 11. Nb3 Bb6 12. Bd3 Bg4 13. Re1 Qd6 14. h3 Bh5 15. Bh4 h6 16. g4 Nxg4 17. hxg4 Bxg4 18. Kg2 f5 19.
Bg3 f4 20. Bh2 Rf6 21. Nbd2 Qd7 22. a4 Bh3+ 23. Kh1 Bxf2 24. Re2 Be3 25. Bg1 Qg4 26. Nh2 Qg3 27. Qe1 Bxg1 28. Qxg3 fxg3 29.
Kxg1 gxh2+ 30. Kxh2 Bg4 31. Rg2 h5 32. Re1 Raf8 33. b4 Rf2 34. b5 Rxg2+ 35. Kxg2 Nd8 36. Re7 Ne6 37. Kg3 Nc5 38. Bc2 a6 39. b6 Bd7 40. Nf3 Re8 41. Rxe8+ Bxe8 42.
a5 Ne4+ 43. Bxe4 dxe4 44. Ne5 g5 45. c4 h4+ 46. Kg4 e3 47. Kf3 h3 48. Kg3 e2 49. Nf3 Bc6 50. Ne1 g4 51. c5 Kf7 52.
Nd3 Be4 0-1

[Event "The Schackveckan 2023: Chessweek Elo-tournaments Group 2"]
[Site "Göteborgs schackcentrum, Vegagatan 20, Gothenburg, Sweden"]
[Date "2023.08.07"]
[Round "3.3"]
[White "Yang, Mandi"]
[Black "Andreasson, Emanuel"]
[Result "1/2-1/2"]
[TimeControl "90 minutes for 40 moves + 30 minutes for the rest of the game + 30 seconds per move from move one."]
[WhiteFideId "1774778"]
[BlackFideId "1759620"]
[WhiteElo "1457"]
[BlackElo "1367"]

1. d4 Nf6 2. Nf3 g6 3. c4 Bg7 4. Nc3 O-O 5. e4 d6 6. Be2 e5 7. O-O Nc6 8. d5 Ne7 9. Be3 Ne8 10.
Nd2 f5 11. f3 f4 12. Bf2 g5 13. b4 Ng6 14. c5 Nf6 15. Rc1 h5 16. cxd6 cxd6 17. Nb5 g4 18. Nc7 g3 19. hxg3 fxg3 20.
Bxg3 h4 21. Bf2 Nf4 22. Nxa8 Bh3 23. gxh3 Qd7 24. Be3 N6h5 25. Bxf4 Nxf4 26. Rc7 Qxh3 27. Rxg7+ Kxg7 28. Kf2 Qh2+ 29.
Ke3 Rc8 30. Nc4 b5 31. Rh1 Ng2+ 32. Kd2 Qf4+ 33. Kc3 bxc4 34. Rg1 Qe3+ 1/2-1/2

[Event "The Schackveckan 2023: Chessweek Elo-tournaments Group 2"]
[Site "Göteborgs schackcentrum, Vegagatan 20, Gothenburg, Sweden"]
[Date "2023.08.07"]
[Round "3.5"]
[White "Brattgjerd, August Minh"]
[Black "Gallardo, Guillermo"]
[Result "0-1"]
[TimeControl "90 minutes for 40 moves + 30 minutes for the rest of the game + 30 seconds per move from move one."]
[WhiteFideId "1550446"]
[BlackFideId "1773488"]
[WhiteElo "1495"]
[BlackElo "1644"]

1. d4 d5 2. Bf4 c5 3. c3 Nc6 4. e3 Qb6 5. Qb3 c4 6. Qxb6 axb6 7. e4 e6 8. Nd2 b5 9. g3 Bd7 10.
Bg2 Nce7 11. Bd6 Bc6 12. e5 Nf5 13. Bxf8 Kxf8 14. g4 Nh4 15. Bh3 h5 16. Ngf3 hxg4 17. Bxg4 Nh6 18. Nxh4 Nxg4 19. Ndf3 g6 20. Rg1 Nxh2 21.
Nxh2 Rxh4 22. Nf3 Rh6 23. a3 Ke7 24. Ke2 Rah8 25. Rae1 Bd7 26. Kd2 Rh3 27. Ke2 R8h6 28. Ng5 R3h5 29.
f4 Rh2+ 30. Kd1 Rxb2 31. Re2 Rb1+ 0-1

[Event "The Schackveckan 2023: Chessweek Elo-tournaments Group 2"]
[Site "Göteborgs schackcentrum, Vegagatan 20, Gothenburg, Sweden"]
[Date "2023.08.07"]
[Round "3.6"]
[White "Madevan Vaishnavi, Yaashvan"]
[Black "Dahlin, Emil"]
[Result "0-1"]
[TimeControl "90 minutes for 40 moves + 30 minutes for the rest of the game + 30 seconds per move from move one."]
[WhiteFideId "1772180"]
[BlackFideId "1771035"]
[WhiteElo "1425"]
[BlackElo "1284"]

1. e4 e5 2. Nf3 Nc6 3. d4 exd4 4.
Bc4 Bb4+ 5. c3 dxc3 6. bxc3 Ba5 7. Qb3 Qe7 8. O-O d6 9. Ng5 Nh6 10. Bd5 O-O 11. Bxc6 bxc6 12. Qa4 Bb6 13.
Qxc6 Bd7 14. Qc4 Rab8 15. a4 Be6 16.
Nxe6 Qxe6 17. Qd5 Qxd5 18. exd5 Ng4 19. a5 Bc5 20. Ba3 Bxa3 21. Nxa3 Rfe8 22. h3 Nf6 23. c4 a6 24. Rab1 Nd7 25.
Nc2 Ne5 26. Nb4 Nxc4 27. Nxa6 Rxb1 28. Rxb1 Nxa5 29. Nxc7 Rd8 30. Kf1 Kf8 31. Rb5 Nc4 32. Rb7 Ne5 33. Nb5 Ke8 34. Ke2 Rd7 35.
Rb8+ Ke7 36. f4 Ng6 37. Kf3 Nh4+ 38. Kf2 Ng6 39. Ke3 Kf6 40. Rb6 Ke7 41. g4 Nf8 42. Nd4 g6 43. Ke4 h6 44.
h4 Nh7 45. g5 h5 46. f5 Kd8 47. Rb8+ Kc7 48. Rh8 gxf5+ 49. Kxf5 Nxg5 50. Kxg5 Re7 51. Kf6 Re4 52. Nf3 Rf4+ 53.
Kg5 Rxf3 54. Kxh5 f5 55. Rf8 Kd7 56. Kg5 Rg3+ 57. Kxf5 Rf3+ 0-1

[Event "The Schackveckan 2023: Chessweek Elo-tournaments Group 2"]
[Site "Göteborgs schackcentrum, Vegagatan 20, Gothenburg, Sweden"]
[Date "2023.08.08"]
[Round "4.1"]
[White "Lindholm, Marcus"]
[Black "Block, Benjamin"]
[Result "0-1"]
[TimeControl "90 minutes for 40 moves + 30 minutes for the rest of the game + 30 seconds per move from move one."]
[WhiteFideId "1743473"]
[BlackFideId "1765493"]
[WhiteElo "1708"]
[BlackElo "1679"]

1. d4 d5 2. c4 dxc4 3. e4 e5 4. d5 Nf6 5. Nc3 b5 6. Bg5 Bc5 7. Qf3 c6 8. Bxf6 Qxf6 9. Qxf6 gxf6 10.
dxc6 Nxc6 11. Nxb5 Rb8 12. Nc7+ Kd8 13. Nd5 Rxb2 14. O-O-O Rxf2 15. Bxc4 Nd4 16. Ne2 Bg4 17. Nxd4 Bxd4 18.
Rd3 Kd7 19. Ba6 Rxa2 20. Nxf6+ Ke7 21. Nd5+ Kd6 22. Rf1 Ra1+ 23. Kc2 Rxf1 24. Rxd4 exd4 25. Bxf1 Be6 26. Nb4 a5 27. Nd3 Bc4 28.
g3 Bxd3+ 29. Bxd3 Ke5 0-1

[Event "The Schackveckan 2023: Chessweek Elo-tournaments Group 2"]
[Site "Göteborgs schackcentrum, Vegagatan 20, Gothenburg, Sweden"]
[Date "2023.08.08"]
[Round "4.2"]
[White "Green, David"]
[Black "Yang, Mandi"]
[Result "1/2-1/2"]
[TimeControl "90 minutes for 40 moves + 30 minutes for the rest of the game + 30 seconds per move from move one."]
[WhiteFideId "1769332"]
[BlackFideId "1774778"]
[WhiteElo "1634"]
[BlackElo "1457"]

1. e4 c6 2. d4 d5 3. f3 dxe4 4.
fxe4 e5 5. Nf3 Bg4 6. Bc4 Nd7 7. c3 Bh5 8. Be3 Ngf6 9. Nbd2 Bd6 10. O-O O-O 11. Qc2 h6 12. Kh1 Re8 13. Rae1 Bg6 14.
Nh4 Nf8 15. Nxg6 Nxg6 16. Rf2 Re7 17. h3 Kh7 18. a4 Qd7 19. Rff1 Nh5 20. Bf2 1/2-1/2

[Event "The Schackveckan 2023: Chessweek Elo-tournaments Group 2"]
[Site "Göteborgs schackcentrum, Vegagatan 20, Gothenburg, Sweden"]
[Date "2023.08.08"]
[Round "4.4"]
[White "Gallardo, Guillermo"]
[Black "Pintaric, Felix"]
[Result "0-1"]
[TimeControl "90 minutes for 40 moves + 30 minutes for the rest of the game + 30 seconds per move from move one."]
[WhiteFideId "1773488"]
[BlackFideId "1776096"]
[WhiteElo "1644"]
[BlackElo "1483"]

1. Nf3 c5 2. c4 Nf6 3. Nc3 Nc6 4. e4 d6 5. g3 Bg4 6. Bg2 Nd4 7. h3 Nxf3+ 8. Bxf3 Bxf3 9. Qxf3 g6 10.
d3 Bg7 11. Bd2 Rb8 12. O-O O-O 13. Qe2 Qd7 14. Kg2 Ne8 15. Rab1 Nc7 16. Qd1 f5 17. Qc1 e5 18. f4 Ne6 19.
fxe5 Bxe5 20. exf5 gxf5 21. Bh6 Rf6 22. Nd5 Rg6 23. Bf4 Qg7 24. Bxe5 dxe5 25. Qe1 f4 26. g4 h5 27. Qe4 Re8 28.
Nxf4 exf4 0-1

[Event "The Schackveckan 2023: Chessweek Elo-tournaments Group 2"]
[Site "Göteborgs schackcentrum, Vegagatan 20, Gothenburg, Sweden"]
[Date "2023.08.08"]
[Round "4.6"]
[White "Madevan Vaishnavi, Yaashvan"]
[Black "Brattgjerd, August Minh"]
[Result "0-1"]
[TimeControl "90 minutes for 40 moves + 30 minutes for the rest of the game + 30 seconds per move from move one."]
[WhiteFideId "1772180"]
[BlackFideId "1550446"]
[WhiteElo "1425"]
[BlackElo "1495"]

1. e4 e6 2. d4 d5 3. exd5 exd5 4. Nf3 Bd6 5. Bd3 Ne7 6. h3 O-O 7. O-O Bf5 8. Nc3 c6 9. Bxf5 Nxf5 10.
Qd3 Qd7 11. Ne5 Bxe5 12. dxe5 Na6 13. a3 Rae8 14. Bf4 Nc5 15. Qd2 f6 16. Rfe1 Ne6 17. Bh2 Qf7 18. f4 Qg6 19. Rac1 Ned4 20.
Kh1 fxe5 21. Rxe5 Rxe5 22. fxe5 Ne6 23. Ne2 Ng5 24. Nf4 Qe8 25. g4 Ne4 26. Qe1 Nd4 27. Qe3 Ne6 28. Nxe6 Qxe6 29.
Qxa7 Qh6 30. Re1 Qxh3 31. Qe3 Rf3 32. Qxf3 Qxf3+ 33. Kg1 Qf2+ 34. Kh1 Qxe1+ 35. Bg1 Qf1 36. e6 Nf2+ 37. Kh2 Qh3# 0-1

[Event "The Schackveckan 2023: Chessweek Elo-tournaments Group 2"]
[Site "Göteborgs schackcentrum, Vegagatan 20, Gothenburg, Sweden"]
[Date "2023.08.09"]
[Round "5.2"]
[White "Green, David"]
[Black "Lindholm, Marcus"]
[Result "0-1"]
[TimeControl "90 minutes for 40 moves + 30 minutes for the rest of the game + 30 seconds per move from move one."]
[WhiteFideId "1769332"]
[BlackFideId "1743473"]
[WhiteElo "1634"]
[BlackElo "1708"]

1. e4 c5 2. Nf3 Nc6 3. d4 cxd4 4. Nxd4 Nf6 5. Nc3 e5 6. Ndb5 d6 7. Nd5 Nxd5 8. exd5 Nb8 9. c4 Be7 10. c5 a6 11. cxd6 Bxd6 12. Nxd6+ Qxd6 13. Qc2 O-O 14. Bc4 b5 15.
Bb3 Bb7 16. Be3 Nd7 17. Rd1 f5 18. O-O f4 19. Bc1 Nc5 20. Rfe1 Rad8 21. Bd2 Nxb3 22. Qxb3 Qxd5 23. Bc3 Qxb3 24.
axb3 e4 25. Be5 Rd5 26. Rxd5 Bxd5 27. b4 g5 28. Bd4 Re8 29. g3 Kf7 30. Ra1 Bc4 31. Rxa6 Rd8 32. b3 Rxd4 33. bxc4 Rxc4 34.
gxf4 gxf4 35. Kf1 Rxb4 36. Rh6 Kg7 37. Re6 Kf7 38. Rh6 Kg7 39. Re6 f3 40. Ke1 Rd4 41. Rb6 b4 42. h3 h5 43.
h4 Kf7 44. Rh6 b3 45. Rb6 Rd3 46. Rb4 Ke6 47. Rb5 Kd6 48. Rxh5 Kc6 49. Rh8 Kc5 50. h5 Rd6 51. Rb8 Kc4 52.
Rc8+ Kb4 53. h6 Rxh6 54. Kd2 Ka3 55. Ra8+ Kb2 56. Ke3 Re6 57. Kd2 Kb1 58. Rb8 b2 59. Kc3 Rc6+ 60. Kd2 Rc2+ 61.
Ke1 Kc1 {This game had time control 65 minutes for 40 moves + 30 minutes for the rest
of the game + 30 seconds per move from move one, due to weather conditions
prevented players to arrive on time to the playing venue.} 0-1

[Event "The Schackveckan 2023: Chessweek Elo-tournaments Group 2"]
[Site "Göteborgs schackcentrum, Vegagatan 20, Gothenburg, Sweden"]
[Date "2023.08.09"]
[Round "5.4"]
[White "Pintaric, Felix"]
[Black "Brattgjerd, August Minh"]
[Result "1-0"]
[TimeControl "90 minutes for 40 moves + 30 minutes for the rest of the game + 30 seconds per move from move one."]
[WhiteFideId "1776096"]
[BlackFideId "1550446"]
[WhiteElo "1483"]
[BlackElo "1495"]

1. e4 e6 2. d4 d5 3. Nd2 Nf6 4. e5 Nfd7 5. Bd3 c5 6. c3 Nc6 7. Ngf3 Qb6 8. O-O cxd4 9. cxd4 Nxd4 10.
Nxd4 Qxd4 11. Nf3 Qb6 12. Qa4 Be7 13. Qg4 g6 14. h4 Nc5 15. Be3 Qxb2 16. Rab1 h5 17. Qg3 Qa3 18. Bb5+ Nd7 19.
Nd4 O-O 20. Nxe6 Bxh4 21. Qxh4 fxe6 22. Qg5 Rf5 23. Qxg6+ Kh8 24. Qh6+ Kg8 25. Qxe6+ Rf7 26. Qxd5 Nb6 27. Bxb6 axb6 28.
Bc4 Qf8 29. Rxb6 Kg7 30. Qxf7+ Qxf7 31. Bxf7 Kxf7 32. Ra1 Ra5 33. f4 h4 34. Rf6+ Ke7 35. Rc1 Bd7 36. Rc7 Rxa2 37. Rfc6 1-0

[Event "The Schackveckan 2023: Chessweek Elo-tournaments Group 2"]
[Site "Göteborgs schackcentrum, Vegagatan 20, Gothenburg, Sweden"]
[Date "2023.08.09"]
[Round "5.5"]
[White "Andreasson, Emanuel"]
[Black "Madevan Vaishnavi, Yaashvan"]
[Result "0-1"]
[TimeControl "90 minutes for 40 moves + 30 minutes for the rest of the game + 30 seconds per move from move one."]
[WhiteFideId "1759620"]
[BlackFideId "1772180"]
[WhiteElo "1367"]
[BlackElo "1425"]

1. e4 d6 2. d4 Nf6 3. Nc3 g6 4. Be3 Ng4 5. Qd2 Nxe3 6. Qxe3 Bg7 7. O-O-O c6 8. h4 h5 9. Kb1 b5 10.
Bd3 Qb6 11. Nce2 e5 12. c3 b4 13. d5 Qxe3 14. fxe3 c5 15. cxb4 cxb4 16. Nf3 Bh6 17. Rc1 Bg4 18. Nh2 Bd7 19.
Bb5 Ke7 20. Rc7 Bxe3 21. Bc6 Bb6 22. Rb7 Bc5 23. Rxd7+ Nxd7 24. Bxa8 Rxa8 25. Rf1 Nf6 26. Ng3 Be3 27. Rf3 Bf4 28.
Nhf1 Rc8 29. b3 Rc1+ 30. Kb2 Re1 31. Kc2 Nxe4 32. Kd3 Nxg3 33. Nxg3 Bxg3 34. Rxg3 Rh1 35. Re3 Rxh4 36. Re2 Rd4+ 37.
Ke3 Rxd5 38. Rc2 Rc5 39. Rd2 Ke6 40. Rf2 Rc3+ 0-1

[Event "The Schackveckan 2023: Chessweek Elo-tournaments Group 2"]
[Site "Göteborgs schackcentrum, Vegagatan 20, Gothenburg, Sweden"]
[Date "2023.08.09"]
[Round "5.6"]
[White "Dahlin, Emil"]
[Black "Gallardo, Guillermo"]
[Result "0-1"]
[TimeControl "90 minutes for 40 moves + 30 minutes for the rest of the game + 30 seconds per move from move one."]
[WhiteFideId "1771035"]
[BlackFideId "1773488"]
[WhiteElo "1284"]
[BlackElo "1644"]

1. e4 c6 2. d4 d5 3. exd5 cxd5 4. Bd3 Nc6 5. c3 Nf6 6. Bf4 e6 7. Nf3 Bd6 8. Bg3 Qc7 9. O-O O-O 10.
Qc2 e5 11. dxe5 Nxe5 12. Nxe5 Bxe5 13. Bxe5 Qxe5 14. h3 Be6 15. Nd2 Qf4 16. Rfe1 Rac8 17. Re3 d4 18. Rf3 Qh6 19. Re1 dxc3 20.
bxc3 Nd5 21. Bc4 Rfd8 22. Rd3 Nf4 23. Rxd8+ Rxd8 24. Re3 Qg5 25. Rg3 Rxd2 26. Qc1 Qd8 27. Bf1 Rd1 28. Qxf4 Rxf1+ 29. Kh2 Ra1 30. Rd3 Qc8 31. Qd2 Qc7+ 32. g3 h6 33. Rd8+ Kh7 34. Qd3+ f5 35. Rd6 Qf7 36. g4 Rxa2 37.
Qe3 Bc8 38. Qf3 Qc7 39. Qg3 Rxf2+ 40. Kg1 Qc5 41. Qxf2 Qxd6 42. gxf5 Qb6 43. Qxb6 axb6 44. h4 Bxf5 45. Kf2 g5 46.
hxg5 hxg5 47. Kg3 Kg6 48. Kf3 Kf6 0-1